Map: Pilares de oro EE

Players

MrFercho

  • Race: Zerg Zerg
  • League: Gold
  • Spawn Location: 7:00

Fixer - Winner!

  • Race: Terran Terran
  • League: Silver
  • Spawn Location: 1:00

VOD

Have the link to the VOD?

Description

Time

  • Played on: July 24, 2020, 8:12 p.m.
  • Length: 13:05
Show
View Real Time Build Order
Export as new Build Order

MrFercho Zerg 

Build Orders: Hatch First, Lurkers 

Get SALT Encoding   

  12  0:01  Drone  
  13  0:13  Overlord  
  13  0:25  Drone  
  14  0:31  Drone x2  
  16  0:52  Hatchery  
  16  0:55  Drone  
  16  0:58  Drone  
  16  1:02  Drone  
  18  1:08  Extractor  
  17  1:19  Spawning Pool  
  17  1:25  Drone x2  
  18  1:33  Drone  
  19  1:46  Drone  
  20  1:52  Overlord  
  20  2:06  Queen  
  20  2:07  Queen  
  24  2:08  Zergling x2  
  24  2:09  Zergling x2  
  24  2:14  Drone  
  24  2:15  Drone  
  28  2:24  Drone  
  28  2:27  Drone  
  30  2:43  Overlord x2  
  30  2:47  Queen  
  32  3:02  Drone x4  
  36  3:14  Zergling x4  
  36  3:18  Lair  
  38  3:24  Drone x3  
  38  3:25  Drone x3  
  44  3:39  Baneling Nest  
  43  3:42  Drone  
  43  3:44  Evolution Chamber  
  43  3:45  Drone  
  43  3:46  Overlord x2  
  43  3:47  Overlord  
  44  4:05  Metabolic Boost  
  44  4:12  Drone x6  
  44  4:16  Extractor  
  49  4:17  Extractor  
  47  4:38  Centrifical Hooks  
  47  4:40  Zergling x2  
  47  4:41  Zergling x10  
  53  5:10  Drone x2  
  55  5:17  Zerg Melee Weapons Level 1  
  55  5:40  Extractor  
  55  5:41  Drone  
  55  5:42  Drone x2  
  57  5:43  Drone  
  57  5:46  Drone x4  
  62  5:52  Hatchery  
  62  5:55  Baneling x5, Hydralisk Den  
  62  5:56  Baneling  
  60  5:57  Baneling  
  51  6:47  Muscular Augments  
  51  6:48  Overlord x3  
  51  6:49  Overlord, Hatchery  
  50  7:13  Hatchery  
  49  7:27  Overlord x3  
  49  7:30  Drone x6  
  55  7:39  Zergling x4  
  55  7:41  Zerg Missile Weapons Level 1  
  57  7:49  Lurker Den  
  57  7:51  Infestation Pit  
  55  7:57  Drone  
  56  7:59  Grooved Spines  
  56  8:02  Drone x12  
  68  8:16  Evolution Chamber  
  67  8:54  Hydralisk x8  
  67  8:55  Hydralisk x18  
  119  9:04  Overlord x2  
  119  9:08  Hive  
  119  9:09  Overseer  
  119  9:18  Extractor  
  119  9:20  Extractor, Hydralisk  
  119  9:21  Hydralisk x7  
  133  9:28  Hydralisk x2  
  137  9:37  Extractor  
  137  9:38  Hatchery  
  135  9:41  Zerg Missile Weapons Level 2  
  135  9:42  Extractor  
  134  9:54  Drone x3  
  134  9:56  Drone x3  
  134  9:59  Drone x12  
  152  10:32  Queen  
  136  10:59  Lurker x4  
  136  11:00  Lurker x2  
  120  11:04  Hydralisk x6  
  120  11:05  Hydralisk x10  
  120  11:09  Zergling x6  
  124  11:22  Zergling x24  
  114  11:36  Lurker x2  
  114  11:37  Lurker x3  
  114  11:39  Hydralisk x8  
  128  11:41  Zergling x4  
  86  12:04  Hydralisk x8  
  90  12:12  Hydralisk x3  
  88  12:20  Hydralisk x2  
  88  12:22  Zergling x10  
  97  12:23  Zergling x6  
Show
View Real Time Build Order
Export as new Build Order

Fixer Terran - Winner!

Build Orders: Mech 

Get SALT Encoding   

  12  0:01  SCV  
  13  0:18  SCV  
  13  0:19  Supply Depot  
  14  0:43  Barracks  
  14  0:47  SCV  
  15  0:51  Barracks  
  15  0:59  SCV  
  16  1:12  SCV  
  17  1:24  SCV  
  18  1:36  Command Center  
  18  1:40  Marine x2  
  20  1:49  Orbital Command  
  20  1:56  Refinery  
  20  1:59  Marine  
  20  2:01  Marine  
  22  2:16  Supply Depot  
  22  2:18  SCV  
  23  2:35  Refinery  
  23  2:37  SCV  
  23  2:42  Marine x2  
  26  3:07  Marine x2  
  26  3:08  SCV  
  29  3:15  Engineering Bay  
  29  3:18  Factory  
  29  3:22  Supply Depot  
  29  3:25  Marine  
  30  3:34  SCV  
  30  3:35  SCV  
  30  3:37  Barracks Tech Lab  
  32  3:44  Factory  
  32  3:47  Marine  
  33  3:49  SCV x2  
  35  4:02  SCV  
  36  4:04  SCV  
  37  4:12  Marine x2  
  39  4:19  SCV  
  39  4:20  SCV  
  41  4:41  SCV  
  41  4:44  Orbital Command  
  42  4:46  Supply Depot  
  42  4:47  Marine x2, Factory Tech Lab  
  42  4:49  Siege Tank  
  42  4:51  Supply Depot  
  47  4:53  SCV  
  48  5:03  Command Center, Terran Infantry Armor Level 1  
  48  5:08  Siege Tank  
  48  5:12  SCV x2  
  53  5:22  Armory  
  53  5:26  SCV  
  53  5:27  SCV  
  55  5:29  Refinery  
  55  5:32  Refinery  
  55  5:39  SCV  
  55  5:40  SCV  
  57  5:47  Hellion x2  
  61  5:52  Supply Depot  
  61  5:54  Supply Depot  
  61  6:07  SCV x2  
  63  6:13  Barracks Tech Lab  
  63  6:16  Factory  
  63  6:26  Thor  
  65  6:43  SCV  
  65  6:44  SCV  
  67  6:47  Thor  
  73  6:56  Supply Depot  
  73  7:06  SCV  
  73  7:08  Terran Vehicle Weapons Level 1  
  74  7:13  Thor  
  80  7:19  Armory  
  80  7:43  SCV, Neosteel Armor  
  80  7:44  SCV  
  82  7:45  SCV  
  83  7:56  Supply Depot  
  83  7:59  Thor  
  83  8:03  Thor  
  95  8:06  Refinery  
  95  8:10  Refinery  
  95  8:24  SCV x2  
  97  8:31  SCV  
  98  8:36  Supply Depot, SCV  
  98  8:38  SCV  
  98  8:41  Thor  
  100  8:43  SCV  
  107  8:59  Terran Vehicle And Ship Armor Level 1  
  107  9:01  Factory  
  107  9:02  Factory  
  107  9:03  Thor  
  107  9:06  SCV x2  
  115  9:21  Supply Depot  
  115  9:23  Supply Depot  
  115  9:24  Thor  
  121  9:49  Factory Tech Lab  
  121  9:50  Thor  
  121  9:51  Thor  
  133  9:54  Command Center  
  133  10:00  Factory Tech Lab  
  133  10:06  SCV  
  133  10:07  SCV x2  
  136  10:13  Supply Depot x2  
  136  10:18  Supply Depot  
  136  10:29  Hellion x2  
  136  10:35  Hellion  
  142  10:37  Hellion  
  142  10:39  Supply Depot, Hellbat  
  146  10:46  Command Center  
  120  11:23  Thor  
  120  11:24  Thor x4  
  146  11:37  SCV  
  129  12:06  Thor  
  135  12:11  Thor x3  
  135  12:12  Thor  
  153  12:28  SCV x2  
  153  12:29  SCV  
Tags
 
Composition
LurkersMech
Matchup
TvZ
Replay Pack
MrFercho
Spawn Locations
Cross Positions
Add a new tag
Caveats
  • Supply blocks, unpowered buildings, or Contaminate may cause inaccurate times.
  • Supply counts are checked every 10 seconds.